 Dungeon Crawl Stone Soup version 0.18.1-5-g4a78601 (webtiles) character file.

305 oplop the Chiller (level 6, -6/42 HPs)
             Began as an Octopode Ice Elementalist on May 13, 2016.
             Killed from afar by an orc wizard (10 damage)
             ... with a puff of frost
             ... on level 7 of the Dungeon.
             The game lasted 00:09:07 (3436 turns).

oplop the Chiller (Octopode Ice Elementalist)       Turns: 3436, Time: 00:09:08

Health: -6/42      AC:  1    Str:  5 (7)  XL:     6   Next: 39%
Magic:  11/11      EV: 16    Int: 17 (19) God:
Gold:   209        SH:  0    Dex:  8 (13) Spells: 4 memorised, 2 levels left

rFire  . . .     SeeInvis .     b - +0 blowgun
rCold  . . .     Gourm    .     (no shield)
rNeg   . . .     Faith    .     (helmet restricted)
rPois  .         Spirit   .     (no amulet)
rElec  .         Dismiss  .     i - +4 ring of evasion
rCorr  .         Reflect  .     (no ring)
SustAt .         Harm     .     (no ring)
MR     .....                    (no ring)
Stlth  +++.......               (no ring)
                                (no ring)
                                (no ring)
                                (no ring)

@: flying, very slightly contaminated, hasted, very quick, not resistant to
hostile enchantments, fairly stealthy
A: almost no armour, amphibious, 8 rings, constrict 8, camouflage 1, gelatinous
body 1
a: no special abilities


You were on level 7 of the Dungeon.
You were hungry.

You visited 1 branch of the dungeon, and saw 6 of its levels.

You collected 209 gold pieces.

Inventory:

Hand Weapons
 a - a +0 dagger of venom
 b - a +0 blowgun (weapon)
Missiles
 t - 9 poisoned needles (quivered)
Jewellery
 i - a +4 ring of evasion (left tentacle)
Scrolls
 e - 3 scrolls of identify
 f - a scroll of teleportation
 j - 3 scrolls of remove curse
 k - 2 scrolls of fear {unknown}
 p - a scroll of noise {unknown}
 q - 2 scrolls of recharging {unknown}
Potions
 c - a potion of cancellation
 g - a potion of flight
 h - a potion of haste
 m - a potion of might {unknown}
Books
 s - a book of Frost

   Spells                             Type                      Level
   a - Freeze                         Ice                          1
   b - Throw Frost                    Conjuration/Ice              2
   c - Ozocubu's Armour               Charms/Ice                   3
   d - Throw Icicle                   Conjuration/Ice              4
   e - Summon Ice Beast               Ice/Summoning                4
Comestibles
 l - 2 fruits
 n - 3 bread rations
 o - 2 meat rations


   Skills:
 + Level 3.2 Fighting
 - Level 2.0 Dodging
 - Level 2.6 Stealth
 + Level 3.5 Spellcasting
 - Level 1.0 Conjurations
 - Level 1.9 Charms
 + Level 0.4 Summonings
 + Level 4.4 Ice Magic


You had 2 spell levels left.
You knew the following spells:

 Your Spells              Type           Power        Failure   Level  Hunger
a - Freeze                Ice            ###.         2%          1    None
b - Throw Frost           Conj/Ice       ##....       10%         2    ##.....
c - Ozocubu's Armour      Chrm/Ice       ##......     14%         3    ###....
d - Summon Ice Beast      Ice/Summ       ##......     71%         4    ####...


Dungeon Overview and Level Annotations

Branches:
Dungeon (7/15)
 Temple: D:4-7

Altars:
Fedhas
Gozag
Kikubaaqudgha
Qazlal
Vehumet
Xom
Zin

Annotations:
D:7 exclusion: door


Innate Abilities, Weirdness & Mutations

You cannot wear most types of armour.
You are amphibious.
You can wear up to eight rings at the same time.
You can use your tentacles to constrict eight enemies at once.
Your skin changes colour to match your surroundings (Stealth).
Your rubbery body absorbs attacks (AC +1).


Message History

The stone misses you.
A puff of frost appears from out of thin air!
The puff of frost misses you.
You see here a stone.
Drink which item? (? for menu, Esc to quit)
It was a potion of flight.
You feel very buoyant.
You fly up into the air.
The orc priest drinks a potion.
The orc priest is healed!
Drink which item? (? for menu, Esc to quit)
It was a potion of haste.
You feel yourself speed up.
You are very lightly contaminated with residual magic.
Drink which item? (? for menu, Esc to quit)
It was a potion of degeneration.
There was something very wrong with that liquid.
You feel weakened.
You feel dopey.
You feel clumsy.
You hear some strange, mumbled words.
A puff of frost appears from out of thin air!
The puff of frost hits you!
You die...

######## #......#######
#............# #............#
####............###############
...............................
............((@................
#(.....(..##################
#.........# #(#.......#
#)#.......# #(#(......#
#(#(......# #{#.......#
#(#.......#


There were no monsters in sight!

Vanquished Creatures
  A big kobold (D:7)
  A quasit (D:7)
  2 worker ants
  6 adders
  A shadow imp (D:7)
  An adder skeleton (D:7)
  A worm (D:2)
  A dart slug (D:1)
  3 giant geckos
  4 orcs
  4 giant cockroaches
  12 goblins
  7 hobgoblins
  2 jackals (D:1)
  9 kobolds
  3 quokkas
  A ball python (D:2)
  9 bats
  6 giant newts
  3 rats
77 creatures vanquished.

Notes
Turn   | Place    | Note
--------------------------------------------------------------
     0 | D:1      | oplop the Octopode Ice Elementalist began the quest for the Orb.
     0 | D:1      | Reached XP level 1. HP: 11/11 MP: 3/3
   432 | D:1      | Reached XP level 2. HP: 18/18 MP: 5/5
   608 | D:1      | Reached skill level 1 in Fighting
   808 | D:2      | Reached XP level 3. HP: 23/23 MP: 6/6
  1135 | D:2      | Found an ancient bone altar of Kikubaaqudgha.
  1324 | D:2      | Reached XP level 4. HP: 22/29 MP: 5/7
  1734 | D:2      | namelastname112: ccccerf
  1734 | D:2      | oplop: шо
  1734 | D:2      | namelastname112: второй раз помолился
  1734 | D:2      | namelastname112: на алтаре
  1734 | D:2      | namelastname112: опять ксом
  1734 | D:2      | oplop: ксом любит тебя
  1734 | D:2      | oplop: я вот все мечтаю с ним хотябы 3 руны сделать
  1876 | D:3      | Learned a level 2 spell: Throw Frost
  1880 | D:3      | Learned a level 3 spell: Ozocubu's Armour
  2030 | D:3      | Found a radiant altar of Vehumet.
  2077 | D:3      | Reached skill level 4 in Ice Magic
  2172 | D:3      | Reached XP level 5. HP: 32/35 MP: 9/9
  2662 | D:4      | Reached skill level 1 in Charms
  2666 | D:4      | namelastname112: дык
  2801 | D:4      | namelastname112: это несложно
  2898 | D:4      | You fall through a shaft for 3 floors!
  2899 | D:7      | namelastname112: как мне кажется
  2899 | D:7      | oplop: You fall through a shaft for 3 floors!
  2899 | D:7      | Found a glowing silver altar of Zin.
  2901 | D:7      | namelastname112: твой любимый месседж
  2901 | D:7      | oplop: кстати, на в4 шафты бывают?
  2903 | D:7      | namelastname112: а то
  2922 | D:7      | namelastname112: я как-то раз с в3 на в5 шафтанулся
  2925 | D:7      | namelastname112: вот я охуел
  2990 | D:6      | Noticed an ice beast
  2993 | D:7      | oplop: Нормвс
  3004 | D:7      | Noticed a big kobold
  3020 | D:7      | Killed a big kobold
  3020 | D:7      | Reached XP level 6. HP: 36/42 MP: 3/11
  3125 | D:7      | Found a shimmering altar of Xom.
  3128 | D:7      | Found a blossoming altar of Fedhas.
  3131 | D:7      | Found a stormy altar of Qazlal.
  3134 | D:7      | Found an opulent altar of Gozag.
  3134 | D:7      | Noticed a phantom
  3196 | D:6      | Noticed an ice beast
  3239 | D:7      | Learned a level 4 spell: Summon Ice Beast
  3246 | D:7      | Noticed an orc warrior
  3436 | D:7      | Killed from afar by an orc wizard

Skill      XL: |  1  2  3  4  5 |
---------------+----------------+-----
Fighting       | 1 2 3 |  3.2
Ice Magic      | 4 |  4.4
Spellcasting   | 3 |  3.5
Charms         | 1 |  1.9
Dodging        | |  2.0
Stealth        | |  2.6
Conjurations   | |  1.0
Summonings     | |  0.4

Action                   |  1- 3 |  4- 6 || total
-------------------------+-------+-------++-------
Melee: Dagger            |    57 |    62 ||   119
       Unarmed           |     6 |    57 ||    63
       Constrict         |    16 |    31 ||    47
       Tentacles         |    12 |    13 ||    25
 Fire: Blowgun           |       |    10 ||    10
 Cast: Freeze            |    11 |    17 ||    28
       Ozocubu's Armour  |       |     1 ||     1
  Use: Scroll            |     4 |     1 ||     5
       Potion            |       |     5 ||     5
 Stab: Sleeping          |    11 |    11 ||    22
       Distracted        |     1 |       ||     1
  Eat: Chunk             |     1 |     5 ||     6
       Pizza             |       |     1 ||     1
Armor: Skin              |    17 |    18 ||    35
Dodge: Dodged            |    45 |   122 ||   167
